 Dungeon Crawl Stone Soup version 0.27-a0-242-ge0fc76b88b (webtiles) character file.

Game seed: 3610925768408124563

1407 sahdkjhfkaj the Cleaver (level 8, -2/70 HPs)
             Began as a Hill Orc Fighter on Feb 3, 2021.
             Was an Initiate of Beogh.
             Slain by a scorpion (6 damage)
             ... on level 6 of the Dungeon.
             The game lasted 00:03:22 (5837 turns).

sahdkjhfkaj the Cleaver (Hill Orc Fighter)          Turns: 5837, Time: 00:03:23

Health: -2/70      AC: 12    Str: 27    XL:     8   Next: 70%
Magic:  10/10      EV:  8    Int:  8    God:    Beogh [......]
Gold:   372        SH: 11    Dex: 10    Spells: 7/7 levels left

rFire    . . .     SeeInvis .   a - +0 war axe
rCold    . . .     Faith    .   c - +0 kite shield
rNeg     + . .     Spirit   .   b - +0 scale mail
rPois    .         Reflect  .   (no helmet)
rElec    .         Harm     .   k - +1 cloak {rCorr}
rCorr    +         Rampage  .   e - +0 pair of gloves
Will     .....                  n - +0 pair of boots
Stlth    ..........             (no amulet)
HPRegen  0.21/turn              v - ring of positive energy
MPRegen  0.12/turn              A - +6 ring of strength

@: lethally poisoned (-2 -> -9)
A: no striking features
a: Renounce Religion


You were on level 6 of the Dungeon.
You worshipped Beogh.
Beogh was noncommittal.
You visited 1 branch of the dungeon, and saw 6 of its levels.

You collected 372 gold pieces.

Inventory:

Hand Weapons
 a - a +0 war axe (weapon)
Armour
 b - a +0 scale mail (worn)
 c - a +0 kite shield (worn)
 e - a +0 pair of gloves (worn)
 k - a +1 cloak of preservation (worn)
 n - a +0 pair of boots (worn)
Jewellery
 v - a ring of positive energy (left hand)
 A - a +6 ring of strength (right hand)
Scrolls
 f - 4 scrolls of remove curse
 h - a scroll of magic mapping {unknown}
 i - a scroll of blinking {unknown}
 l - 2 scrolls of teleportation
 s - 7 scrolls of identify {unknown}
 u - a scroll of amnesia {unknown}
 w - a scroll of fog {unknown}
 y - a scroll of random uselessness {unknown}
 z - a scroll of immolation {unknown}
 B - a scroll of vulnerability {unknown}
Potions
 d - 2 potions of might
 g - a potion of heal wounds
 j - a potion of resistance {unknown}
 m - a potion of mutation {unknown}
 o - 3 potions of brilliance
 p - 2 potions of lignification
 q - a potion of attraction {unknown}
 r - 2 potions of ambrosia
 t - 2 potions of flight {unknown}
 x - 2 potions of degeneration {unknown}


   Skills:
 + Level 6.0 Fighting
 * Level 8.0 Axes
 + Level 5.4 Armour
 * Level 7.0 Shields
 + Level 3.9 Invocations


You had 7 spell levels left.
You didn't know any spells.
Your spell library was empty.

Dungeon Overview and Level Annotations

Branches:
Dungeon (6/15)
 Temple: D:4-7

Altars:
Ashenzari
Gozag
Makhleb
Qazlal
Xom


Message History

A jackal comes into view.
You hit the scorpion.
The scorpion is moderately wounded.
The scorpion stings you.
* * * LOW HITPOINT WARNING * * *
You are more poisoned.
The scorpion poisons you! The scorpion stings you!
* * * LOW HITPOINT WARNING * * *
You closely miss the scorpion.
The scorpion is moderately wounded.
* * * LOW HITPOINT WARNING * * *
You feel sick. You block the jackal's attack. The scorpion closely misses you.
You closely miss the scorpion.
The scorpion is moderately wounded.
You barely miss the jackal.
* * * LOW HITPOINT WARNING * * *
You feel sick.
The jackal bites you but does no damage.
The scorpion stings you.
You die...

. ..#..... .
##...... . .
#......# . .
##......# . #
#.#.......# #
..#.#..h....#
#.....hs....#
#..#...@(...#
##..........##
#..###......#
............#
#####......#
########


You could see a scorpion and 2 jackals.

Vanquished Creatures
  Pikel (D:4)
  Duvessa (D:4)
  An ogre (D:5)
  A centaur (D:6)
  A lemure (D:4)
  Dowan (D:4)
  A centaur zombie (D:6)
  A quasit (D:4)
  An orc priest (D:6)
  Crazy Yiuf (D:4)
  2 centaur skeletons (D:4)
  2 iguanas
  2 orc wizards (D:3)
  4 worker ants
  13 adders
  2 white imps (D:5)
  An ufetubus (D:6)
  An adder skeleton (D:4)
  3 dart slugs
  3 leopard geckos
  8 orcs
  5 bats
  A giant cockroach (D:1)
  6 goblins
  6 hobgoblins
  6 jackals
  2 ball pythons
  4 frilled lizards
  10 kobolds
  A leopard gecko zombie (D:5)
  A quokka skeleton (D:5)
  4 rats
97 creatures vanquished.

Vanquished Creatures (others)
  An orc (D:4)
  3 fungi (D:4)
  3 plants (D:3)
7 creatures vanquished.

Grand Total: 104 creatures vanquished

Notes
Turn   | Place    | Note
-------+----------+-------------------------------------------
     0 | D:1      | sahdkjhfkaj the Hill Orc Fighter began the quest for the
                  | Orb.
     0 | D:1      | Reached XP level 1. HP: 19/19 MP: 1/1
   284 | D:1      | Reached skill level 3 in Axes
   367 | D:1      | Reached XP level 2. HP: 26/27 MP: 2/2
   702 | D:1      | You fall into a shaft and drop 1 floor!
   715 | D:2      | Reached XP level 3. HP: 31/33 MP: 3/3
  1496 | D:2      | Found a shimmering altar of Xom.
  1634 | D:2      | Reached skill level 4 in Axes
  1634 | D:2      | Reached XP level 4. HP: 40/40 MP: 4/4
  2163 | D:3      | Reached XP level 5. HP: 7/46 MP: 5/5
  2471 | D:3      | Found a burning altar of Makhleb.
  2908 | D:3      | Reached skill level 5 in Axes
  3056 | D:3      | Found a faded altar of an unknown god.
  3382 | D:4      | Became a worshipper of Beogh the Brigand
  3463 | D:4      | Reached XP level 6. HP: 53/53 MP: 6/6
  3658 | D:4      | Reached skill level 5 in Shields
  3693 | D:4      | Reached skill level 1 in Invocations
  3744 | D:4      | Noticed Duvessa
  3746 | D:4      | Noticed Dowan
  3758 | D:4      | Killed Duvessa
  3777 | D:4      | Killed Dowan
  3778 | D:4      | Reached skill level 6 in Axes
  3778 | D:4      | Reached XP level 7. HP: 29/60 MP: 8/8
  3947 | D:4      | Noticed Pikel
  3972 | D:4      | Killed Pikel
  3973 | D:4      | Reached skill level 5 in Fighting
  3973 | D:4      | Reached skill level 7 in Axes
  3973 | D:4      | Reached skill level 5 in Armour
  3973 | D:4      | Reached XP level 8. HP: 23/69 MP: 8/10
  4346 | D:4      | Found a runed translucent door.
  4347 | D:4      | Noticed Crazy Yiuf
  4357 | D:4      | Killed Crazy Yiuf
  4821 | D:5      | Entered Level 5 of the Dungeon
  5000 | D:5      | Found a broken altar of Ashenzari.
  5063 | D:5      | Found a stormy altar of Qazlal.
  5065 | D:5      | Noticed an air elemental
  5065 | D:5      | Noticed a water elemental
  5448 | D:5      | Found an opulent altar of Gozag.
  5822 | D:6      | Reached skill level 8 in Axes
  5837 | D:6      | Slain by a scorpion

Illustrated notes

Levels and vault maps discovered:
D:1:      dpeg_arrival_erosion, layout_loops_ring, grunt_decor_resistance
D:2:      cheibrodos_old_hovel, layout_loops_cross, overflow_temple_1_default
D:3:      layout_basic, lemuel_doored_altar, chequers_ecumenical_altar_lobes
D:4:      layout_gridville, serial_glass, glass_columns_a, glass_columns_a,
          glass_columns_a, glass_columns_a, glass_columns_a,
          minmay_misc_feat_tiny, chequers_serial_rivers_micro_c,
          kennysheep_doodads, st_stairs_10, uniq_crazy_yiuf_cottage, uniq_pikel,
          uniq_duvessa
D:5:      layout_loops_ring, nicolae_qazlal_style_of_elements,
          nicolae_gozag_cash_rules_everything_around_me, ashenzari_altar_1
D:6:      layout_basic, minmay_temple_entry_slanted, uniq_menkaure

Skill      XL: |  1  2  3  4  5  6  7  8 |
---------------+-------------------------+-----
Axes           | 3 4 5 6 7 8 |  8.0
Fighting       | 4 5 6 |  6.0
Shields        | 4 5 6 7 |  7.0
Armour         | 4 5 |  5.4
Invocations    | 1 3 |  3.9

Action                   |  1- 3 |  4- 6 |  7- 9 || total
-------------------------+-------+-------+-------++-------
Melee: War axe           |   102 |   186 |   142 ||   430
Invok: Convert to Beogh  |       |     1 |       ||     1
  Use: Scroll            |       |       |     5 ||     5
       Potion            |       |       |     4 ||     4
Armor: Scale mail        |    62 |   112 |    85 ||   259
Dodge: Dodged            |    37 |    48 |    53 ||   138
Block: Kite shield       |    62 |   106 |    98 ||   266

Table legend: (Time is in decaauts)
 A = Elapsed time spent in this place.
 B = Non-inter-level travel time spent in this place.
 C = Inter-level travel time spent in this place.
 D = Time resting spent in this place.
 E = Time spent auto-exploring this place.
 F = Levels seen in this place.
 G = Mean time per level.
                   A        B        C        D        E       F      G
               +--------+--------+--------+--------+--------+-----+--------+
         Total |   6023 |   5790 |    233 |     83 |   4650 |   6 | 1003.8 |
       Dungeon |   6023 |   5790 |    233 |     83 |   4650 |   6 | 1003.8 |
               +--------+--------+--------+--------+--------+-----+--------+

Top non-repeatable levels by time:
     D:4: 1555 daAuts
     D:3: 1400 daAuts
     D:1: 1159 daAuts
     D:2: 871 daAuts
     D:5: 790 daAuts
     D:6: 245 daAuts
